Map: Dusk Towers

Players

DominiC

  • Race: Protoss Protoss
  • League: Grandmaster

Pokebunny - Winner!

  • Race: Terran Terran
  • League: Grandmaster

VOD

Have the link to the VOD?

Description

Time

  • Played on: April 6, 2016, 1:47 p.m.
  • Length: 7:12
Show
View Real Time Build Order
Export as new Build Order

DominiC Protoss 

Build Orders: 1 Gate Expand, Blink Stalkers 

Get SALT Encoding   

  12  0:01  Probe (Chrono Boost)  
  13  0:11  Probe (Chrono Boost)  
  14  0:17  Pylon  
  14  0:22  Probe (Chrono Boost)  
  15  0:35  Probe (Chrono Boost)  
  16  0:36  Gateway  
  16  0:41  Assimilator  
  16  0:47  Probe (Chrono Boost)  
  17  0:57  Probe (Chrono Boost)  
  18  1:08  Probe (Chrono Boost)  
  19  1:21  Nexus  
  19  1:24  Probe (Chrono Boost)  
  20  1:36  Cybernetics Core  
  20  1:39  Probe (Chrono Boost)  
  21  1:47  Assimilator  
  21  1:50  Probe (Chrono Boost)  
  22  1:57  Pylon  
  22  2:00  Probe (Chrono Boost)  
  23  2:15  Stalker  
  27  2:16  Mothership Core (Chrono Boost)  
  27  2:19  Warp Gate  
  27  2:28  Forge  
  27  2:34  Probe (Chrono Boost)  
  27  2:35  Probe (Chrono Boost)  
  29  2:45  Probe (Chrono Boost)  
  29  2:46  Probe (Chrono Boost)  
  29  2:49  Stalker  
  33  2:55  Probe (Chrono Boost)  
  34  3:03  Protoss Ground Weapons Level 1 (Chrono Boost)  
  34  3:06  Probe (Chrono Boost)  
  34  3:08  Twilight Council  
  34  3:11  Probe (Chrono Boost)  
  36  3:18  Probe (Chrono Boost)  
  37  3:22  Pylon  
  37  3:26  Stalker  
  39  3:27  Probe (Chrono Boost)  
  39  3:29  Probe (Chrono Boost)  
  41  3:36  Probe  
  41  3:41  Probe  
  43  3:45  Blink (Chrono Boost)  
  43  3:47  Probe  
  43  3:53  Probe  
  45  3:57  Probe  
  48  4:05  Probe  
  48  4:07  Gateway  
  48  4:08  Probe  
  50  4:16  Robotics Facility  
  48  4:20  Probe, Gateway, Pylon  
  48  4:22  Pylon, Probe  
  50  4:27  Stalker  
  52  4:32  Probe  
  52  4:33  Probe  
  54  4:39  Assimilator  
  54  4:43  Assimilator  
  54  4:44  Probe  
  55  4:45  Pylon  
  55  4:47  Gateway  
  55  4:49  Gateway  
  55  4:50  Probe  
  56  4:55  Protoss Ground Weapons Level 2  
  56  4:56  Stalker  
  57  5:03  Probe  
  60  5:08  Stalker  
  60  5:12  Probe  
  63  5:21  Immortal (Chrono Boost)  
  65  5:22  Stalker  
  65  5:23  Stalker  
  69  5:29  Pylon  
  68  5:43  Adept x2  
  72  5:56  Adept x2  
  74  5:59  Immortal (Chrono Boost)  
  78  6:06  Adept  
  71  6:22  Stalker x2  
  63  6:27  Stalker  
  64  6:33  Immortal (Chrono Boost)  
  64  6:39  Gateway  
  67  6:41  Gateway  
  67  6:42  Gateway  
  59  6:50  Stalker  
  58  6:56  Stalker  
Show
View Real Time Build Order
Export as new Build Order

Pokebunny Terran - Winner!

Build Orders: 1/1/1, Liberator Opening 

Get SALT Encoding   

  12  0:01  SCV  
  13  0:13  SCV  
  14  0:19  Supply Depot  
  14  0:25  SCV  
  14  0:27  Refinery  
  15  0:40  SCV  
  16  0:44  Barracks  
  16  0:52  SCV  
  17  1:04  SCV  
  17  1:09  Supply Depot  
  18  1:16  SCV  
  19  1:31  Orbital Command, Factory  
  19  1:34  Marine  
  20  1:40  Refinery  
  20  1:51  Marine  
  21  1:56  SCV  
  22  2:09  SCV  
  22  2:15  Barracks Reactor  
  23  2:16  Hellion, Starport  
  23  2:21  SCV  
  26  2:24  Supply Depot  
  26  2:37  Widow Mine  
  26  2:39  SCV  
  29  2:51  Supply Depot, SCV  
  29  2:52  Marine x2  
  29  2:54  Medivac  
  34  3:04  SCV  
  34  3:08  Factory Tech Lab  
  34  3:09  Marine x2  
  36  3:15  Liberator  
  36  3:28  Siege Tank, Marine x2  
  44  3:37  Supply Depot  
  44  3:45  Barracks  
  44  4:00  Barracks, Marine x2  
  46  4:03  Siege Tank  
  46  4:07  Liberator  
  46  4:08  Supply Depot  
  49  4:18  Marine x2  
  54  4:35  Marine  
  54  4:36  Marine x2  
  57  4:46  Siege Tank  
  60  5:07  Marine x3  
  60  5:13  Supply Depot  
  63  5:19  Bunker  
  63  5:34  Marine  
  63  5:35  Marine, Medivac  
  66  5:36  Marine, Bunker  
  66  5:41  Marine  
  69  5:47  Siege Tank  
  70  5:52  Marine  
  65  6:09  Marine x3, Bunker  
  65  6:10  Marine  
  61  6:26  Bunker  
  61  6:27  Marine x3  
  61  6:28  Marine  
  65  6:48  Marine x4  
Tags
 
Add a new tag
Caveats
  • Supply blocks, unpowered buildings, or Contaminate may cause inaccurate times.
  • Supply counts are checked every 10 seconds.